AoeStats
← JohanFH717

Arabia

510575828Analyzed
1v1 RM · 1d ago on Oct 1, 2026· 47m 54s· 2 players
Game mode
Random Map
Map size
Tiny (2 player)
Population
200
Speed
Normal
Resources
Standard
Victory
Conquest
Starting age
Dark Age
Ending age
Imperial Age
RankedLock teamsTeams togetherTeam positionsShared explorationLock speedFull tech treeHidden civsTurbo modeCheats
Victory
Defeat
🇭🇷 Khmer · Croatia
1037
+15
🇩🇪 Ethiopians · Germany
1009
-15
33tnt3
7:31 Loom
10:31 Feudal Age
11:23 Double-Bit Axe
12:19 Horse Collar
22:24 Castle Age
20:54 Scale Mail Armor
21:01 Stone Mining
21:16 Arson
21:25 Gold Mining
21:59 Forging
23:40 Bow Saw
23:34 Squires
24:02 Chain Mail Armor
25:37 Fletching
30:32 Elite Skirmisher
32:11 Bodkin Arrow
34:27 Ballistics
34:13 Padded Archer Armor
36:08 Leather Archer Armor
41:58 Imperial Age
39:56 Masonry
44:22 Architecture
43:57 Bracer
JohanFH717
4:07 Loom
10:39 Feudal Age
13:10 Scale Barding Armor
16:23 Forging
22:10 Castle Age
20:49 Bloodlines
21:32 Double-Bit Axe
22:58 Wheelbarrow
23:06 Husbandry
30:47 Fletching
31:55 Gold Mining
31:55 Stone Mining
32:12 Horse Collar
32:42 Bodkin Arrow
33:02 Bow Saw
34:39 Ballistics
38:23 Chain Barding Armor
38:49 Gold Shaft Mining
41:27 Imperial Age
38:45 Town Watch
39:16 Hand Cart
41:21 Iron Casting
41:02 Masonry
40:47 Murder Holes
46:03 Crossbowman
46:47 Bracer
46:48 Padded Archer Armor
46:38 Light Cavalry
47:19 Arbalester
Connection lost

Rejoining the realm…

Still unreachable

The connection could not be restored.

Session expired

The server has moved on; the page needs a fresh start.